 Dungeon Crawl Stone Soup version 0.28.0 (webtiles) character file.

Game seed: 4304134013059363033

3677 dorian the Frost Mage (level 9, -2/62 HPs)
             Began as a White Draconian Ice Elementalist on Feb 11, 2022.
             Was a Believer of Cheibriados.
             Slain by a slime creature (5 damage)
             ... on level 8 of the Dungeon.
             The game lasted 00:22:07 (8421 turns).

dorian the Frost Mage (DrIE)                        Turns: 8421, Time: 00:22:08

Health: -2/62      AC: 23    Str: 15    XL:     9   Next: 89%
Magic:  10/20      EV: 12    Int: 23    God:    Cheibriados [**....]
Gold:   216        SH:  0    Dex: 20    Spells: 10/23 levels left

rFire   x . .      SeeInvis .   c - staff of cold
rCold   + + +      Faith    .   (no shield)
rNeg    . . .      Spirit   .   (armour unavailable)
rPois   +          Reflect  .   (helmet restricted)
rElec   +          Harm     .   p - -1 cloak of Equiwn {*Corrode rElec rPois Will+ Dex+4}
rCorr   .          Rampage  .   q - +0 pair of gloves
Will    +....                   f - +1 pair of boots of Xiaruup {rElec}
Stlth   ++........              l - amulet of regeneration
HPRegen 1.00/turn               b - ring of wizardry
MPRegen 0.17/turn               a - ring of ice

@: ice-armoured, freezing walls, hasted
A: breathe frost, AC +7, unfitting armour, cold resistance 1, cold-blooded
a: Breathe Frost, Renounce Religion, Bend Time


You were on level 8 of the Dungeon.
You worshipped Cheibriados.
Cheibriados was pleased with you.
You visited 2 branches of the dungeon, and saw 9 of its levels.

You collected 328 gold pieces.
You spent 112 gold pieces at shops.

Inventory:

Hand Weapons
 m - the +4 dagger of the Dungeon {drain, rCorr}
   (You found it on level 4 of the Dungeon)

   A truly terrible weapon, it drains the life of any living foe it strikes.
   rCorr:     It protects you from acid and corrosion.
Armour
 f - the +1 pair of boots of Xiaruup (worn) {rElec}
   (You acquired it on level 4 of the Dungeon)

   rElec:     It insulates you from electricity.
 p - the -1 cloak of Equiwn (worn) {*Corrode rElec rPois Will+ Dex+4}
   (You acquired it on level 5 of the Dungeon)

   Dex:       It affects your dexterity (+4).
   rElec:     It insulates you from electricity.
   rPois:     It protects you from poison.
   *Corrode:  It may corrode you when you take damage.
   Will:      It increases your willpower.
 q - a +0 pair of gloves (worn)
Magical Staves
 c - a staff of cold (weapon)
Jewellery
 a - a ring of ice (right hand)
 b - a ring of wizardry (left hand)
 j - an amulet of guardian spirit
 l - an amulet of regeneration (around neck)
Scrolls
 e - a scroll of enchant weapon
 g - 5 scrolls of identify
 n - 2 scrolls of noise {unknown}
 r - a scroll of fog {unknown}
 t - a scroll of blinking
Potions
 d - a potion of brilliance
 h - 3 potions of haste
 i - 2 potions of lignification {unknown}
 k - 2 potions of might {unknown}
 o - 2 potions of curing {unknown}
 s - a potion of flight {unknown}
 u - a potion of heal wounds {unknown}


   Skills:
 - Level 1.7 Dodging
 - Level 1.7 Stealth
 + Level 7.8 Spellcasting
 * Level 14.4 Ice Magic


You had 10 spell levels left.
You knew the following spells:

 Your Spells              Type           Power      Damage    Failure   Level
a - Freeze                Ice            100%       1d11      0%          1
b - Frozen Ramparts       Ice            100%       1d12      1%          3
c - Ozocubu's Armour      Ice            100%       N/A       1%          3
d - Hailstorm             Conj/Ice       76%        3d16      1%          4
e - Searing Ray           Conj           16%        2d5       4%          2

Your spell library contained the following spells:

 Spells                   Type           Power      Damage    Failure   Level
 Ensorcelled Hibernation  Hex/Ice        100%       N/A       1%          2
 Animate Skeleton         Necr           16%        N/A       2%          1
 Beastly Appendage        Tmut           16%        N/A       2%          1
 Magic Dart               Conj           32%        1d4       2%          1
 Pain                     Necr           32%        1d5       2%          1
 Wereblood                Tmut           8%         N/A       4%          2
 Spider Form              Tmut/Pois      8%         N/A       9%          3
 Vampiric Draining        Necr           8%         2d6       9%          3
 Fulminant Prism          Conj/Hex       4%         3d6       26%         4
 Lightning Bolt           Conj/Air       4%         1d15      58%         5
 Yara's Violent Unravell  Hex/Tmut       4%         3d4       58%         5


Dungeon Overview and Level Annotations

Branches:
Dungeon (8/15)             Temple (1/1) D:5
   Lair: D:8-11

Altars:
Cheibriados
Elyvilon
Fedhas
Kikubaaqudgha
Okawaru
Trog
Wu Jian
Yredelemnul
Zin

Shops:
D:3 :*   D:8 *

Portals:
Abyss: D:5

Annotations:
D:5 2 transporters, vogonpoet's ghost, novice TeCj


Innate Abilities, Weirdness & Mutations

You can breathe waves of freezing cold which knock back foes.
Your icy white scales are hard. (AC +7)
You cannot fit into any form of body armour.
Your flesh is cold resistant. (rC+)
You are cold-blooded and may be slowed by cold attacks.


Message History

You tail-slap the slime creature.
The slime creature is moderately wounded.
The wall freezes the slime creature!
The slime creature hits you but does no damage.
The wall freezes the slime creature.
The slime creature hits you!
Unknown command.
You are too injured to fight recklessly!
Unknown command.
You are too injured to fight recklessly!
Unknown command.
You are too injured to fight recklessly!
Casting: Frozen Ramparts (safe; 1% risk of failure)
Confirm with . or Enter, or press ? or * to list all spells.
Aiming: Freeze (safe; 0% risk of failure)
Press: ? - help, Shift-Dir - straight line, f - slime creature
Aim: a slime creature (moderately wounded)
You feel a strong surge of power!
You freeze the slime creature!
The slime creature is heavily wounded.
The wall freezes the slime creature.
The slime creature hits you.
The wall freezes the slime creature!
The slime creature hits you!
* * * LOW HITPOINT WARNING * * *
Casting: Freeze (safe; 0% risk of failure)
Confirm with . or Enter, or press ? or * to list all spells.
You feel a strong surge of power! A film of ice covers your body!
The wall freezes the slime creature!
The slime creature hits you.
* * * LOW HITPOINT WARNING * * *
The wall freezes the slime creature!
The slime creature hits you but does no damage.
Casting: Ozocubu's Armour (safe; 1% risk of failure)
Confirm with . or Enter, or press ? or * to list all spells.
You feel a strong surge of power!
Your icy armour thickens.
The wall freezes the slime creature.
The slime creature hits you!
* * * LOW HITPOINT WARNING * * *
The wall freezes the slime creature!
The slime creature hits you but does no damage.
Okay, then.
It was a potion of haste.
You feel yourself speed up.
Cheibriados forgives your accidental hurry, just this once.
The wall freezes the slime creature.
The slime creature hits you.
You die...

#...........).# ###
#.............# #..#
#.......<...... .. ....#
##.............. ..
.....# #...............
.##### ......#
#............... ......
.......##...............
.....
......J#................
..#
......J@............####
..##
.............†......#
...#
....................##
##.##
.........##.....##...#
>#..#
........###..(#####††##
..#.##
..(.....##.........#..##
..#..##
###....#...#...........#
..##..#
#####...#.............
.###..##
##...##..............


You could see 2 slime creatures.

Vanquished Creatures
  A troll (D:8)
  2 slime creatures (D:8)
  A water moccasin (D:7)
  2 hornet zombies (D:7)
  A sky beast (D:5)
  3 ice beasts
  4 black bears
  3 orc warriors
  An ogre (D:4)
  3 centaurs (D:7)
  2 wolves (D:8)
  3 bullfrogs
  A water moccasin zombie (D:7)
  A scorpion (D:4)
  A water moccasin skeleton (D:5)
  A howler monkey (D:7)
  2 bullfrog zombies
  5 orc priests
  5 hounds
  A jelly (D:7)
  Jessica (D:2)
  2 iguanas (D:5)
  A scorpion zombie (D:5)
  6 orc wizards
  A mummy (D:5)
  Robin (D:3)
  3 gnolls (D:7)
  A howler monkey zombie (D:7)
  9 adders
  A shadow imp (D:7)
  3 worms
  A dart slug (D:5)
  26 orcs
  7 bats
  6 endoplasms
  4 giant cockroaches
  23 goblins
  9 hobgoblins
  6 jackals
  8 quokkas
  7 ball pythons
  4 frilled lizards
  2 hobgoblin zombies (D:5)
  5 kobolds
  A kobold zombie (D:5)
  An orc zombie (D:5)
  2 rats (D:1)
184 creatures vanquished.

Notes
Turn   | Place    | Note
-------+----------+-------------------------------------------
     0 | D:1      | dorian the Draconian Ice Elementalist began the quest for
                  | the Orb.
     0 | D:1      | Reached XP level 1. HP: 14/14 MP: 3/3
   441 | D:1      | Reached XP level 2. HP: 19/20 MP: 0/5
  1202 | D:1      | Found a faded altar of an unknown god.
  1311 | D:1      | Reached XP level 3. HP: 26/26 MP: 4/6
  1489 | D:2      | Noticed Jessica
  1678 | D:2      | Reached skill level 5 in Ice Magic
  1891 | D:2      | Killed Jessica
  1892 | D:2      | Reached XP level 4. HP: 20/33 MP: 2/8
  2200 | D:2      | Got the Papyrus of the Ensnaring Birds
  2349 | D:2      | Learned a level 3 spell: Frozen Ramparts
  2353 | D:2      | Learned a level 3 spell: Ozocubu's Armour
  2745 | D:3      | Found Fohus's Book Emporium.
  2756 | D:3      | Found Wyjut's General Store.
  2786 | D:3      | Noticed Robin
  2871 | D:3      | Reached XP level 5. HP: 38/38 MP: 2/9
  3034 | D:3      | Reached skill level 6 in Ice Magic
  3335 | D:3      | Killed Robin
  3926 | D:4      | Reached XP level 6. HP: 26/45 MP: 9/11
  4318 | D:4      | Reached skill level 7 in Ice Magic
  4415 | D:4      | Your scales start taking on an icy white colour.
  4415 | D:4      | Reached skill level 9 in Ice Magic
  4415 | D:4      | Reached XP level 7. HP: 50/50 MP: 3/13
  4415 | D:4      | Gained mutation: Your flesh is cold resistant. (rC+) [White
                  | Draconian growth]
  4893 | D:4      | Identified a scroll of acquirement
  4893 | D:4      | Acquired the +1 pair of boots of Xiaruup {rElec}
  5035 | D:4      | Identified the +4 dagger of the Dungeon {drain, rCorr}
  5047 | D:4      | Learned a level 4 spell: Hailstorm
  5164 | D:5      | Entered Level 5 of the Dungeon
  5211 | D:5      | Found a staircase to the Ecumenical Temple.
  5225 | Temple   | Entered the Ecumenical Temple
  5360 | Temple   | Became a worshipper of Cheibriados the Contemplative
  5495 | D:5      | Reached skill level 5 in Spellcasting
  5495 | D:5      | Reached skill level 10 in Ice Magic
  5543 | D:5      | Found a one-way gate to the infinite horrors of the Abyss.
  5543 | D:5      | Noticed vogonpoet's ghost (novice TeCj)
  5550 | D:5      | Found a transporter.
  5569 | D:5      | Found a transporter.
  5620 | D:5      | Reached XP level 8. HP: 55/57 MP: 15/15
  6186 | D:5      | Acquired the -1 cloak of Equiwn {*Corrode rElec rPois Will+
                  | Dex+4}
  6341 | D:6      | You fall into a shaft and drop 1 floor!
  6453 | D:7      | Reached skill level 11 in Ice Magic
  7011 | D:7      | Reached skill level 12 in Ice Magic
  7108 | D:7      | Reached * piety under Cheibriados
  7334 | D:7      | Reached XP level 9. HP: 61/62 MP: 18/18
  7571 | D:7      | Learned a level 2 spell: Searing Ray
  7602 | D:7      | Found a white marble altar of Elyvilon.
  7724 | D:7      | Reached skill level 13 in Ice Magic
  7849 | D:8      | Noticed a troll
  7860 | D:8      | Killed a troll
  8174 | D:8      | Found Isudeg's General Store.
  8182 | D:8      | Reached skill level 14 in Ice Magic
  8233 | D:8      | Bought a scroll of blinking for 112 gold pieces
  8368 | D:8      | Reached ** piety under Cheibriados
  8420 | D:8      | HP: 2/62 [slime creature (11)]
  8421 | D:8      | Slain by a slime creature

Illustrated notes

Levels and vault maps discovered:
D:1:      mrwooster_arrival_statue_2, layout_loops_ring,
          chequers_ecumenical_altar_simple_redux, minmay_misc_feat_iff,
          minmay_misc_feat_square, hangedman_decor_points
D:2:      kennysheep_the_goblin_king, layout_basic, uniq_jessica
D:3:      layout_basic, serial_shops, shop_fountains, nicolae_shop_hallway_plus,
          minmay_fractal_squares_gapless_5, uniq_robin
D:4:      minmay_skewed_foursquare, layout_cave_pools, amcnicky_mini_pool_small
D:5:      layout_basic, minmay_temple_entry_drinking_statues,
          gammafunk_ghost_abyssal_escape, minmay_mini_ossuary
D:6:      layout_loops_ring, grunt_temple_overflow_cloverleaf,
          corexii_checkpoint_a, uniq_eustachio, uniq_maggie
D:7:      layout_basic, lemuel_tele_altar, serial_co_window_serial,
          co_window_paths_a, co_window_cross_1, co_window_paths_a,
          co_window_corner_a, co_window_paths_b, co_window_unsneaky_path_a,
          co_window_corner_b, co_window_corner_b, co_window_cross_2,
          co_window_paths_c, co_window_2corner, co_window_2corner,
          glass_columns_b, glass_columns_a, glass_columns_a,
          kennysheep_generic_room_16
D:8:      layout_cave_pods, jmf_multi_god_temple2, erik_lair_island,
          serial_shops, nicolae_shop_crystal
Temple:   regret_index_temple_generic_petals

Skill      XL: |  1  2  3  4  5  6  7  8  9 |
---------------+----------------------------+-----
Ice Magic      | 5 6 9 10 12 14 | 14.4
Spellcasting   | 3 4 5 6 7 |  7.8
Dodging        | |  1.7
Stealth        | |  1.7

Action                   |  1- 3 |  4- 6 |  7- 9 || total
-------------------------+-------+-------+-------++-------
Melee: Unarmed           |    80 |     8 |       ||    88
       Tailslap          |     9 |     5 |    33 ||    47
       Staff             |       |    38 |   152 ||   190
       Punch             |       |     1 |     2 ||     3
       Dagger            |       |       |    69 ||    69
 Cast: Freeze            |    53 |    51 |    62 ||   166
       Frozen Ramparts   |       |    16 |    42 ||    58
       Ozocubu's Armour  |       |       |     4 ||     4
       Searing Ray       |       |       |     3 ||     3
  Use: Scroll            |       |     7 |     2 ||     9
       Potion            |       |       |     1 ||     1
 Stab: Sleeping          |     3 |       |       ||     3
Armor: Skin              |    51 |    37 |   148 ||   236
Dodge: Dodged            |    90 |    63 |   208 ||   361
